Map: 카이로스 정션 - 래더

Players

goblin

  • Race: Protoss Protoss
  • Spawn Location: 11:00

herO - Winner!

  • Race: Protoss Protoss
  • Spawn Location: 5:00

Event: IEM Season 13: Katowice (2019)

VOD

Have the link to the VOD?

Description

Time

  • Played on: Feb. 25, 2019, 10:53 a.m.
  • Length: 13:41

All games in this series

Show
View Real Time Build Order
Export as new Build Order

goblin Protoss 

Build Orders:  

Get SALT Encoding   

  12  0:00  Probe  
  13  0:12  Probe  
  14  0:18  Pylon  
  14  0:24  Probe  
  15  0:32  Probe  
  15  0:38  Gateway  
  15  0:40  Probe  
  16  0:46  Assimilator  
  17  0:50  Probe  
  17  0:55  Assimilator  
  18  0:58  Probe  
  19  1:06  Probe  
  19  1:11  Gateway  
  20  1:17  Probe  
  21  1:25  Cybernetics Core  
  21  1:29  Probe  
  22  1:36  Pylon  
  22  1:41  Probe  
  23  1:54  Pylon  
  23  2:01  Adept  
  23  2:02  Warp Gate, Adept  
  27  2:14  Robotics Facility  
  27  2:31  Stalker  
  27  2:32  Stalker  
  27  2:34  Probe  
  32  2:52  Immortal  
  32  2:53  Shield Battery  
  34  3:13  Gateway  
  32  3:22  Probe, Warp Prism  
  33  3:32  Pylon  
  35  3:34  Probe  
  36  3:56  Sentry x2  
  36  3:59  Observer  
  41  4:03  Pylon  
  41  4:05  Shield Battery  
  41  4:09  Stalker  
  43  4:22  Adept x2  
  43  4:24  Immortal  
  51  4:47  Stalker  
  51  4:51  Pylon  
  51  5:08  Immortal  
  51  5:09  Probe  
  56  5:25  Adept x2  
  56  5:27  Adept  
  57  5:52  Immortal  
  47  5:58  Sentry, Adept x2  
  55  6:22  Adept x2  
  55  6:24  Stalker  
  37  6:43  Immortal  
  37  6:55  Adept x2  
  37  7:00  Adept  
  43  7:25  Stalker x3  
  49  7:54  Adept  
  49  7:55  Adept x2  
  55  7:58  Pylon  
  55  8:15  Adept x2, Stalker  
  59  8:33  Observer  
  60  8:39  Stalker x2  
  54  8:44  Zealot  
  48  9:07  Zealot x2  
  48  9:09  Zealot  
  40  9:33  Zealot x2  
  40  9:38  Zealot  
  38  9:58  Zealot x2  
  34  10:08  Sentry  
  36  10:20  Sentry x2  
  40  10:33  Sentry  
  40  10:42  Observer  
  40  10:46  Sentry, Zealot  
  44  10:52  Stalker  
  46  11:12  Sentry x2  
  54  11:30  Immortal  
  53  11:58  Sentry  
  53  12:00  Pylon  
  55  12:11  Pylon  
  55  12:14  Pylon  
  53  12:30  Adept x3  
  41  12:54  Sentry x2, Zealot  
  23  13:22  Zealot  
Show
View Real Time Build Order
Export as new Build Order

herO Protoss - Winner!

Build Orders:  

Get SALT Encoding   

  12  0:00  Probe  
  13  0:12  Probe  
  14  0:17  Pylon  
  14  0:23  Probe  
  15  0:31  Probe  
  15  0:37  Gateway  
  15  0:40  Probe  
  16  0:46  Assimilator  
  17  0:51  Probe  
  17  0:57  Assimilator  
  18  0:59  Probe  
  19  1:08  Probe  
  19  1:09  Gateway  
  19  1:18  Probe  
  20  1:24  Cybernetics Core  
  21  1:30  Probe  
  22  1:36  Pylon  
  22  1:42  Probe  
  23  1:54  Probe  
  23  1:56  Warp Gate  
  23  2:00  Adept  
  23  2:01  Adept  
  28  2:08  Pylon  
  28  2:21  Robotics Facility  
  28  2:30  Stalker  
  28  2:31  Stalker  
  32  2:50  Gateway  
  32  2:58  Pylon  
  32  3:04  Stalker  
  34  3:07  Stalker, Warp Prism  
  32  3:41  Immortal  
  34  3:50  Sentry x2, Stalker  
  40  3:56  Pylon  
  40  4:11  Immortal  
  40  4:21  Stalker  
  46  4:33  Adept  
  48  4:41  Pylon  
  48  4:52  Pylon  
  48  4:59  Observer  
  49  5:04  Adept x2  
  53  5:11  Immortal  
  53  5:35  Adept x2  
  55  5:41  Pylon  
  54  5:51  Probe  
  47  6:01  Adept x2  
  49  6:12  Probe  
  50  6:25  Probe  
  47  6:27  Zealot x2  
  33  6:40  Probe  
  34  6:52  Stalker x2, Probe  
  34  6:53  Observer  
  39  7:04  Probe  
  39  7:05  Immortal  
  44  7:25  Adept x2  
  48  7:42  Immortal  
  52  7:54  Adept  
  54  7:59  Adept  
  54  8:13  Immortal  
  58  8:29  Adept x2  
  42  8:53  Adept x2  
  44  9:03  Immortal  
  35  9:18  Sentry x2  
  39  9:34  Immortal  
  39  9:49  Zealot  
  35  10:10  Stalker  
  38  10:20  Immortal  
  41  10:48  Stalker  
  43  11:13  Sentry  
  45  11:20  Observer  
  46  11:29  Pylon  
  46  11:31  Immortal  
  50  11:47  Sentry  
  50  11:54  Observer  
  52  11:59  Sentry  
  54  12:10  Immortal  
  58  12:17  Sentry  
  60  12:25  Sentry  
  62  12:32  Pylon  
  56  12:54  Stalker x2  

Tags
 
Add a new tag
Caveats
  • Supply blocks, unpowered buildings, or Contaminate may cause inaccurate times.
  • Supply counts are checked every 10 seconds.